 Dungeon Crawl Stone Soup version 0.28.0-53-g5a82cb258f (webtiles) character file.

Game seed: 1039776486088237135

35 MisterFreud the Covert (level 3, -12/35 HPs)
             Began as a Gnoll Delver on June 15, 2022.
             Mangled by a mummy (14 damage)
             ... in an ossuary.
             The game lasted 00:02:05 (656 turns).

MisterFreud the Covert (Gnoll Delver)                Turns: 656, Time: 00:02:05

Health: -12/35     AC:  3    Str: 11    XL:     3   Next: 33%
Magic:  4/4        EV: 13    Int: 11    God:
Gold:   9          SH:  0    Dex: 13    Spells: 3/3 levels left

rFire   . . .      SeeInvis .   a - +0 short sword
rCold   . . .      Faith    .   (no shield)
rNeg    . . .      Spirit   .   b - +0 leather armour
rPois   .          Reflect  .   (no helmet)
rElec   .          Harm     .   (no cloak)
rCorr   .          Rampage  .   (no gloves)
Will    .....                   (no boots)
Stlth   ++++......              (no amulet)
HPRegen 0.11/turn               (no ring)
MPRegen 0.09/turn               (no ring)

@: no status effects
A: fangs 1, strong nose, distributed training
a: no special abilities


You were in an ossuary.
You visited 1 branch of the dungeon, and saw 2 of its levels.
You also visited: Ossuary.

You collected 9 gold pieces.

Inventory:

Hand Weapons
 a - a +0 short sword (weapon)
Armour
 b - a +0 leather armour (worn)
Wands
 g - a wand of digging (2)
Scrolls
 c - a scroll of fog
 e - a scroll of fear
Potions
 f - a potion of haste


   Skills:
 + Level 6.5 Fighting
 + Level 4.5 Short Blades
 + Level 0.7 Long Blades
 + Level 0.7 Axes
 + Level 0.7 Maces & Flails
 + Level 0.7 Polearms
 + Level 0.7 Staves
 + Level 0.7 Slings
 + Level 0.7 Bows
 + Level 0.7 Crossbows
 + Level 0.7 Throwing
 + Level 0.7 Armour
 + Level 4.5 Dodging
 + Level 9.5 Stealth
 + Level 0.7 Shields
 + Level 0.7 Unarmed Combat
 + Level 0.7 Spellcasting
 + Level 0.5 Conjurations
 + Level 0.5 Hexes
 + Level 0.5 Summonings
 + Level 0.5 Necromancy
 + Level 0.5 Translocations
 + Level 0.5 Transmutations
 + Level 0.5 Fire Magic
 + Level 0.5 Ice Magic
 + Level 0.5 Air Magic
 + Level 0.5 Earth Magic
 + Level 0.5 Poison Magic
 + Level 0.9 Invocations
 + Level 0.7 Evocations


You had 3 spell levels left.
You didn't know any spells.
Your spell library was empty.

Dungeon Overview and Level Annotations

Branches:
Dungeon (6/15)            Ossuary (1/1)
 Temple: D:4-7

Altars:

Shops:
D:5 ?


Innate Abilities, Weirdness & Mutations

You have very sharp teeth.
Your uncanny sense of smell can sniff out nearby items.
Your experience applies equally to all skills.


Message History

You hit the human zombie but do no damage.
You bite the human zombie, but do no damage.
The rat zombie misses you. The jackal zombie misses you.
The jackal zombie bites you.
* * * LOW HITPOINT WARNING * * *
The human zombie misses you. The rat zombie barely misses you.
The jackal zombie bites you but does no damage.
The human zombie hits you.
* * * LOW HITPOINT WARNING * * *
The hobgoblin zombie hits you but does no damage.
The jackal zombie barely misses you.
The adder zombie bites you but does no damage.
A rat zombie comes into view.
The jackal zombie bites you but does no damage.
An orc zombie and a kobold zombie come into view.
Okay, then.
Unknown command.
An elf zombie comes into view.
A goblin zombie comes into view.
A rat zombie comes into view.
The jackal zombie bites you but does no damage.
The jackal zombie misses you.
The jackal zombie completely misses you.
The human zombie barely misses you. The adder zombie misses you.
The jackal zombie bites you but does no damage.
The adder zombie bites you.
* * * LOW HITPOINT WARNING * * *
The hobgoblin zombie closely misses you.
The jackal zombie barely misses you. The hobgoblin zombie misses you.
The jackal zombie bites you but does no damage. x2
The jackal zombie bites you.
* * * LOW HITPOINT WARNING * * *
The rat zombie closely misses you. The jackal zombie barely misses you.
The jackal zombie bites you but does no damage.
The jackal zombie bites you but does no damage.
The jackal zombie bites you.
* * * LOW HITPOINT WARNING * * *
The mummy hits you!
You die...

######################
#........∩..∩...@Z...#
#...............MZ...#
#......########..Z...#
#...####.'....####.Z.#
#..##.#..#..M....##.Z#
#..'M.####.#####.∩#Z.#
#..##......#??M'.##.Z#
#...####...#??####...#
#......########......#


You could see a mummy, an adder zombie, 2 rat zombies, 2 jackal zombies, a
hobgoblin zombie and an elf zombie.

Vanquished Creatures
  A hound zombie (Ossuary)
  An adder (D:5)
  An adder zombie (Ossuary)
  A gnoll zombie (Ossuary)
  A goblin zombie (Ossuary)
  2 jackal zombies (Ossuary)
  3 kobold zombies (Ossuary)
  3 quokka zombies (Ossuary)
  2 rat zombies (Ossuary)
15 creatures vanquished.

Notes
Turn   | Place    | Note
-------+----------+-------------------------------------------
     0 | D:5      | Reached skill level 9 in Stealth
     0 | D:5      | MisterFreud the Gnoll Delver began the quest for the Orb.
     0 | D:5      | Reached XP level 1. HP: 23/23 MP: 1/1
    14 | D:5      | Reached XP level 2. HP: 29/29 MP: 2/2
    25 | D:5      | Found Cuefino's Magic Scroll Shop.
    28 | D:5      | Noticed a water moccasin
    64 | D:5      | Found a sand-covered staircase.
    70 | Ossuary  | Entered an ossuary
   263 | Ossuary  | Reached XP level 3. HP: 34/35 MP: 2/4
   640 | Ossuary  | HP: 1/35 [jackal zombie (2)]
   656 | Ossuary  | Mangled by a mummy

Illustrated notes

Levels and vault maps discovered:
D:5:      layout_basic, serial_shops, nicolae_shop_stone,
          nicolae_ossuary_entry_plus, dk_noncrumbling_2
D:6:      layout_loops_ring, minmay_temple_entry_statues_fountains
Ossuary:  minmay_ossuary_two_tombs

Skill      XL: | |
---------------+-+-----
Stealth        | |  9.5
Fighting       | |  6.5
Short Blades   | |  4.5
Long Blades    | |  0.7
Axes           | |  0.7
Maces & Flails | |  0.7
Polearms       | |  0.7
Staves         | |  0.7
Slings         | |  0.7
Bows           | |  0.7
Crossbows      | |  0.7
Throwing       | |  0.7
Armour         | |  0.7
Dodging        | |  4.5
Shields        | |  0.7
Unarmed Combat | |  0.7
Spellcasting   | |  0.7
Conjurations   | |  0.5
Hexes          | |  0.5
Summonings     | |  0.5
Necromancy     | |  0.5
Translocations | |  0.5
Transmutations | |  0.5
Fire Magic     | |  0.5
Ice Magic      | |  0.5
Air Magic      | |  0.5
Earth Magic    | |  0.5
Poison Magic   | |  0.5
Invocations    | |  0.9
Evocations     | |  0.7

Action                   || total
-------------------------++-------
Melee: Short sword       ||    74
       Bite              ||     9
       Punch             ||     1
Evoke: Wand              ||     1
  Use: Scroll            ||     1
 Stab: Sleeping          ||     4
Armor: Leather armour    ||    22
Dodge: Dodged            ||    65
